 Dungeon Crawl Stone Soup version 0.20.1-1-g8b1a95d (webtiles) character file.

1580 greenice the Carver (level 8, -5/64 HPs)
             Began as a Minotaur Fighter on Sept 18, 2017.
             Killed from afar by a steam dragon (12 damage)
             ... with a ball of steam
             ... on level 6 of the Dungeon.
             The game lasted 00:11:58 (5884 turns).

greenice the Carver (Minotaur Fighter)              Turns: 5884, Time: 00:11:58

Health: -5/64      AC:  7    Str: 20    XL:     8   Next: 60%
Magic:  0/7        EV:  7    Int:  5    God:
Gold:   164        SH:  9    Dex: 13    Spells: 7/7 levels left

rFire    . . .     SeeInvis +   a - +1 long sword
rCold    . . .     Gourm    .   c - +0 shield
rNeg     . . .     Faith    .   b - +0 scale mail
rPois    .         Spirit   +   (helmet restricted)
rElec    .         Reflect  .   n - +0 cloak
rCorr    .         Harm     .   (no gloves)
MR       .....                  (no boots)
Stlth    ..........             B - amulet of guardian spirit
Regen    0.2/turn               E - ring of see invisible
MPRegen  0.1/turn               (no ring)

@: heavily drained
A: retaliatory headbutt, horns 2
a: no special abilities


You were on level 6 of the Dungeon.
You were not hungry.

You visited 2 branches of the dungeon, and saw 7 of its levels.

You collected 164 gold pieces.

Inventory:

Hand Weapons
 a - a +1 long sword (weapon)
Armour
 b - a +0 scale mail (worn)
 c - a +0 shield (worn)
 n - a +0 cloak (worn)
Jewellery
 B - an amulet of guardian spirit (around neck)
 E - a ring of see invisible (left hand)
Wands
 F - a wand of flame (31/48)
Scrolls
 d - a scroll of recharging {unknown}
 e - a scroll of fog
 i - 2 scrolls of identify
 j - 3 scrolls of teleportation
 l - 2 scrolls of remove curse
 p - 2 scrolls of enchant weapon
 r - 3 scrolls of blinking
 s - a scroll of enchant armour {unknown}
 u - a scroll of random uselessness {unknown}
 x - a scroll of fear
 G - a scroll of magic mapping {unknown}
Potions
 g - a potion of degeneration {unknown}
 h - 2 potions of ambrosia {unknown}
 m - a potion of invisibility {unknown}
 o - a potion of lignification {unknown}
 q - a potion of mutation {unknown}
 t - 4 potions of curing {unknown}
 v - a potion of haste {unknown}
 z - 2 potions of agility {unknown}
 D - a potion of heal wounds {unknown}
Comestibles
 f - 5 bread rations
 k - 8 meat rations
 w - 2 royal jellies
 A - 5 chunks of flesh


   Skills:
 - Level 3.6(2.3) Fighting
 + Level 12.7(11.1) Long Blades
 - Level 3.6(2.3) Armour
 - Level 3.6(2.3) Shields


You had 7 spell levels left.
You didn't know any spells.

Dungeon Overview and Level Annotations

Branches:
Dungeon (6/15)             Temple (1/1) D:5

Altars:
Cheibriados
Dithmenos
Elyvilon
Hepliaklqana
Makhleb
Nemelex Xobeh
Qazlal
Ru
Sif Muna
Trog
Uskayaw
Xom
Yredelemnul
Zin
The Shining One

Shops:
D:5 !

Annotations:
D:6 Prince Ribbit


Innate Abilities, Weirdness & Mutations

You reflexively headbutt those who attack you in melee.
You have a pair of horns on your head.


Message History

The steam dragon is moderately wounded.
You are engulfed in a cloud of scalding steam.
* * * LOW HITPOINT WARNING * * *
The steam dragon bites you!
* * * LOW HITPOINT WARNING * * *
The steam dragon completely misses you.
You closely miss the steam dragon.
The steam dragon is moderately wounded.
The steam dragon bites you but does no damage.
The steam dragon claws you.
* * * LOW HITPOINT WARNING * * *
A steam dragon comes into view.
Unknown command.
You closely miss the steam dragon.
The steam dragon hisses angrily.
You headbutt the steam dragon!
The steam dragon is severely wounded.
The steam dragon breathes steam at you. The ball of steam hits you!
You die...

##### #...#
####
#...##.≈≈##
#...#...≈≈#
#....@D..≈#
#.[.#....≈#
#...##....≈#
#...#####D≈#
#...#.# ≈#
#....# #
###⌠.⌠<#
##..._..#
#..#⌠.⌠##


You could see 2 steam dragons.

Vanquished Creatures
  The ghost of flestrin the Gusty, an amateur TeAE (D:3)
  Sigmund (D:5)
  A phantom (D:6)
  A sky beast (D:6)
  3 ogres
  A crimson imp (D:6)
  2 centaur skeletons
  A hound (D:4)
  3 orc priests
  3 iguanas
  5 orc wizards
  3 worker ants (D:4)
  Robin (D:2)
  4 gnolls
  5 adders
  8 river rats (D:4)
  3 shadow imps
  An ooze (D:4)
  3 worms
  A dart slug (D:1)
  3 leopard geckos
  20 orcs
  4 giant cockroaches
  15 goblins
  5 hobgoblins
  11 jackals
  3 quokkas
  A ball python (D:3)
  A ball python skeleton (D:5)
  8 bats
  4 frilled lizards
  6 kobolds
  17 rats
149 creatures vanquished.

Vanquished Creatures (others)
  A goblin (D:2)
1 creature vanquished.

Grand Total: 150 creatures vanquished

Notes
Turn   | Place    | Note
-------+----------+-------------------------------------------
     0 | D:1      | greenice the Minotaur Fighter began the quest for the Orb.
     0 | D:1      | Reached XP level 1. HP: 19/19 MP: 0/0
   205 | D:1      | Reached skill level 3 in Long Blades
   235 | D:1      | Reached XP level 2. HP: 26/26 MP: 1/1
   667 | D:1      | Reached skill level 4 in Long Blades
   670 | D:1      | Reached XP level 3. HP: 22/31 MP: 2/2
   868 | D:2      | Noticed Robin
   922 | D:1      | Reached skill level 5 in Long Blades
  1038 | D:1      | Reached XP level 4. HP: 32/39 MP: 3/3
  1310 | D:2      | Killed Robin
  1511 | D:2      | Found a stormy altar of Qazlal.
  1773 | D:3      | Reached skill level 6 in Long Blades
  2097 | D:3      | Reached XP level 5. HP: 45/45 MP: 4/4
  2098 | D:3      | Noticed flestrin's ghost (amateur TeAE)
  2107 | D:3      | Killed flestrin's ghost
  2107 | D:3      | Reached skill level 7 in Long Blades
  2107 | D:3      | Reached XP level 6. HP: 30/51 MP: 5/5
  2273 | D:3      | Reached skill level 8 in Long Blades
  3400 | D:4      | Reached skill level 9 in Long Blades
  3501 | D:4      | Found a bloodstained altar of Trog.
  3553 | D:4      | Reached XP level 7. HP: 51/57 MP: 6/6
  3926 | D:4      | Reached skill level 10 in Long Blades
  4136 | D:5      | Entered Level 5 of the Dungeon
  4298 | D:5      | Noticed Sigmund
  4410 | D:5      | Found a staircase to the Ecumenical Temple.
  4431 | Temple   | Entered the Ecumenical Temple
  4913 | D:5      | Killed Sigmund
  4913 | D:5      | Reached skill level 11 in Long Blades
  4913 | D:5      | Reached XP level 8. HP: 55/64 MP: 7/7
  5119 | D:5      | Found Vael's Distillery.
  5206 | D:6      | Reached skill level 12 in Long Blades
  5304 | D:6      | Noticed Prince Ribbit
  5737 | D:6      | Found a sparkling altar of Nemelex Xobeh.
  5884 | D:6      | Killed from afar by a steam dragon

Skill      XL: |  1  2  3  4  5  6  7  8 |
---------------+-------------------------+-----
Long Blades    | 3 4 5 6 7 9 11 12 | 12.7
Fighting       | |  3.6
Armour         | |  3.6
Shields        | |  3.6

Action                   |  1- 3 |  4- 6 |  7- 9 || total
-------------------------+-------+-------+-------++-------
Melee: Long sword        |    67 |   197 |   164 ||   428
       Headbutt          |    12 |    40 |    34 ||    86
  Use: Potion            |       |       |     1 ||     1
       Scroll            |       |       |     8 ||     8
  Eat: Chunk             |       |     8 |     8 ||    16
Armor: Scale mail        |    38 |    75 |    47 ||   160
Dodge: Dodged            |    46 |    53 |    31 ||   130
Block: Shield            |    44 |    86 |    53 ||   183
       Rpst.: Long sword |    16 |    15 |     8 ||    39
